Map: Ever Dream LE

Players

Armani

  • Race: Zerg Zerg
  • Spawn Location: 1:00

Neeb - Winner!

  • Race: Protoss Protoss
  • Spawn Location: 7:00

Event: StayAtHomestory Cup #2

VOD

Have the link to the VOD?

Description

Time

  • Played on: June 12, 2020, 7:50 a.m.
  • Length: 28:52

All games in this series

Show
View Real Time Build Order
Export as new Build Order

Armani Zerg 

Build Orders: Hatch First, Lurkers 

Get SALT Encoding   

  12  0:00  Drone  
  13  0:12  Overlord  
  13  0:17  Drone  
  14  0:31  Drone x2  
  16  0:44  Drone  
  17  0:52  Hatchery  
  17  0:55  Drone  
  17  0:59  Drone  
  18  1:10  Extractor  
  17  1:14  Spawning Pool  
  17  1:17  Drone  
  17  1:19  Drone  
  18  1:30  Drone  
  19  1:38  Drone  
  20  1:51  Overlord  
  20  2:01  Queen  
  20  2:04  Queen  
  20  2:05  Zergling x4  
  26  2:11  Metabolic Boost  
  26  2:13  Drone  
  27  2:16  Drone  
  27  2:22  Drone  
  29  2:27  Drone  
  30  2:36  Hatchery  
  29  2:39  Drone  
  29  2:40  Drone  
  31  2:47  Queen  
  33  2:51  Drone  
  33  2:55  Zergling x2  
  33  2:57  Overlord  
  35  3:01  Zergling x2  
  36  3:16  Overlord  
  36  3:19  Drone x5  
  41  3:25  Queen  
  43  3:28  Spore Crawler  
  43  3:30  Drone x2  
  45  3:36  Drone  
  45  3:37  Spore Crawler  
  45  3:40  Queen  
  47  3:43  Drone x2  
  47  3:45  Drone  
  50  3:53  Spore Crawler  
  49  3:55  Overlord  
  49  3:58  Drone  
  49  3:59  Evolution Chamber  
  49  4:07  Drone  
  50  4:17  Drone x8, Overlord  
  54  4:22  Overlord  
  57  4:25  Zerg Melee Weapons Level 1  
  57  4:26  Overlord  
  57  4:32  Overlord  
  58  4:38  Zergling x6  
  58  4:39  Zergling x4  
  58  4:44  Drone, Baneling Nest  
  58  4:45  Zergling x6  
  64  4:47  Drone  
  64  4:50  Drone x4  
  69  4:53  Extractor  
  69  4:54  Drone  
  69  4:55  Spore Crawler  
  69  4:56  Drone  
  69  5:01  Zergling x6  
  72  5:08  Drone  
  72  5:10  Drone  
  72  5:12  Zergling x2  
  72  5:13  Zergling x4  
  76  5:15  Zergling x2  
  76  5:18  Zergling x2  
  78  5:28  Drone x3  
  81  5:29  Overlord x2  
  81  5:32  Zergling x4  
  82  5:38  Drone x2  
  82  5:39  Drone  
  82  5:41  Overlord  
  85  5:43  Drone x2  
  85  5:45  Lair  
  87  5:54  Hatchery  
  86  5:58  Drone x8  
  86  6:03  Extractor x2  
  91  6:04  Extractor  
  89  6:15  Drone x2  
  89  6:18  Drone x2  
  90  6:20  Extractor  
  90  6:21  Drone x4  
  94  6:27  Drone  
  95  6:36  Drone  
  95  6:37  Baneling x7  
  95  6:38  Zergling x2  
  95  6:39  Zergling x12  
  103  6:41  Overlord  
  103  6:43  Zerg Melee Weapons Level 2  
  103  6:44  Overlord  
  103  6:45  Hydralisk Den  
  102  6:48  Overseer  
  102  6:50  Drone  
  102  6:51  Drone  
  90  7:17  Hydralisk x7  
  90  7:18  Hydralisk x5  
  90  7:20  Grooved Spines  
  90  7:21  Drone  
  110  7:25  Drone  
  110  7:26  Drone x4  
  110  7:27  Queen  
  116  7:35  Hydralisk x3  
  121  7:38  Centrifical Hooks  
  121  7:40  Drone  
  121  7:41  Drone  
  121  7:42  Drone  
  124  7:44  Extractor  
  124  7:45  Extractor  
  124  7:47  Overlord  
  122  7:53  Overlord x2  
  122  7:54  Overlord  
  122  7:55  Spore Crawler  
  121  8:02  Pneumatized Carapace  
  121  8:08  Baneling x10  
  121  8:09  Zergling x22  
  131  8:15  Zergling x14  
  138  8:26  Zergling x18  
  147  8:29  Baneling x11  
  147  8:35  Zergling x2  
  147  8:36  Zergling x4  
  136  8:42  Hydralisk x8  
  138  8:48  Zergling x10  
  136  8:57  Baneling x3  
  136  8:58  Baneling x5  
  136  8:59  Hydralisk x3  
  139  9:02  Zergling x2  
  139  9:03  Zergling x6  
  140  9:10  Baneling x4  
  140  9:11  Baneling x5  
  140  9:15  Zergling x12  
  134  9:31  Zergling x20  
  122  9:38  Drone x4  
  123  9:45  Drone x4  
  129  9:52  Hatchery  
  128  9:55  Drone  
  128  9:56  Drone x4, Zerg Missile Weapons Level 1  
  128  9:58  Hydralisk  
  128  9:59  Muscular Augments  
  135  10:00  Hydralisk  
  135  10:03  Baneling x5  
  137  10:08  Zergling x10  
  137  10:09  Overlord  
  137  10:13  Overseer  
  142  10:19  Baneling  
  142  10:20  Baneling x3  
  142  10:26  Zergling x22  
  142  10:28  Overlord  
  151  10:33  Infestation Pit  
  151  10:34  Overlord x2  
  150  10:42  Overlord  
  150  10:50  Zergling x20  
  150  10:52  Baneling x14  
  156  10:58  Zergling x12  
  148  11:12  Hive  
  148  11:14  Lurker Den  
  148  11:16  Hydralisk x6  
  156  11:26  Drone x10  
  166  11:34  Zergling x16  
  173  11:42  Evolution Chamber, Overlord  
  169  11:52  Zerg Missile Weapons Level 2  
  169  11:53  Zergling x18  
  169  11:54  Zergling x6  
  181  11:59  Baneling x5  
  181  12:00  Baneling x10  
  181  12:01  Baneling x2  
  181  12:06  Baneling x11  
  181  12:11  Zerg Ground Armor Level 1  
  181  12:18  Overlord  
  181  12:19  Overlord  
  181  12:20  Zergling x2  
  181  12:21  Zergling x14  
  181  12:22  Overlord  
  170  12:38  Zergling x18  
  170  12:39  Zergling x20  
  170  12:44  Drone x3  
  185  12:46  Drone x2  
  185  12:47  Zergling x2  
  185  12:48  Zergling x4  
  185  12:50  Drone  
  169  12:52  Drone  
  169  12:53  Drone  
  169  12:54  Spine Crawler  
  169  12:56  Seismic Spines  
  169  12:57  Overseer  
  169  12:58  Spine Crawler  
  169  13:00  Adrenal Glands  
  168  13:09  Lurker  
  168  13:10  Lurker x10  
  168  13:12  Lurker x2  
  181  13:13  Lurker  
  181  13:19  Drone  
  183  13:20  Drone  
  183  13:26  Spire  
  183  13:28  Baneling, Hatchery  
  183  13:29  Baneling x10  
  183  13:34  Baneling x11  
  181  13:36  Zergling x4  
  181  13:39  Unknown  
  164  13:53  Adaptive Talons, Hydralisk x3  
  164  13:54  Hydralisk x5  
  173  13:58  Zergling x2  
  173  13:59  Zergling x8  
  178  14:05  Overseer  
  178  14:06  Hydralisk x3  
  184  14:10  Baneling x10  
  184  14:14  Zergling x10  
  189  14:18  Zerg Missile Weapons Level 3  
  189  14:27  Zergling x2  
  189  14:28  Zergling x18  
  199  14:40  Zerg Flyer Weapons Level 1  
  199  14:44  Drone x3  
  183  14:53  Drone  
  183  14:55  Queen  
  183  14:56  Queen  
  183  14:59  Hydralisk  
  181  15:00  Hydralisk x8  
  181  15:03  Overseer  
  181  15:05  Drone x3  
  198  15:11  Overseer  
  191  15:17  Hydralisk x2  
  191  15:19  Overlord  
  191  15:21  Overlord  
  144  15:41  Corruptor  
  144  15:42  Corruptor x7  
  151  15:50  Drone x9  
  151  15:54  Drone x2, Overseer  
  151  15:56  Corruptor  
  160  16:00  Drone  
  160  16:01  Drone x3  
  163  16:12  Lurker x2  
  163  16:13  Lurker x6  
  163  16:16  Zergling x2  
  163  16:17  Zergling x8  
  176  16:22  Corruptor  
  178  16:27  Drone x2  
  178  16:29  Spine Crawler  
  179  16:38  Zergling x24  
  179  16:39  Zergling x2  
  189  17:03  Corruptor x7  
  192  17:21  Zergling x22  
  192  17:22  Zergling x10  
  141  17:38  Hydralisk x2  
  141  17:39  Hydralisk x5  
  147  17:48  Hydralisk x6  
  159  18:00  Corruptor x4  
  159  18:03  Hydralisk  
  169  18:06  Baneling  
  169  18:07  Baneling x9  
  169  18:08  Baneling x2  
  169  18:14  Corruptor  
  169  18:15  Corruptor  
  169  18:18  Drone x3  
  176  18:25  Spine Crawler x2, Overseer  
  160  18:35  Lurker  
  160  18:36  Lurker x8  
  169  18:42  Zergling x10  
  174  18:50  Zergling x12  
  180  18:57  Lurker x5  
  185  19:09  Baneling x12  
  185  19:14  Hydralisk x2  
  185  19:15  Extractor x2  
  186  19:20  Zergling x20  
  186  19:22  Overlord  
  196  19:25  Zerg Flyer Armor Level 1  
  196  19:26  Baneling x4  
  190  19:45  Corruptor x4  
  188  19:47  Spine Crawler, Overseer  
  188  19:48  Spine Crawler  
  188  19:52  Baneling x6  
  194  19:59  Hatchery  
  193  20:08  Zergling x14  
  188  20:26  Zergling x2  
  188  20:27  Zergling x28  
  164  20:39  Corruptor x3  
  129  20:53  Hydralisk  
  129  20:54  Hydralisk x4  
  120  21:08  Hydralisk  
  120  21:09  Hydralisk x4  
  121  21:18  Hydralisk  
  121  21:19  Hydralisk x3  
  129  21:26  Zergling x8  
  133  21:33  Zergling x8  
  133  21:38  Spine Crawler  
  136  21:40  Baneling x8  
  136  21:45  Spine Crawler  
  136  21:46  Spine Crawler  
  134  21:50  Viper x2  
  134  21:52  Viper  
  143  21:58  Zerg Ground Armor Level 2  
  140  22:06  Hydralisk  
  140  22:07  Hydralisk x2  
  144  22:14  Overseer  
  143  22:16  Zergling x10  
  143  22:17  Zergling x6  
  143  22:22  Overseer  
  150  22:27  Lurker x5  
  155  22:31  Hatchery  
  155  22:32  Zergling x2  
  155  22:33  Zergling x8  
  159  22:37  Extractor  
  159  22:38  Extractor  
  147  22:46  Hydralisk x6  
  147  22:49  Zergling x14  
  166  22:53  Spine Crawler  
  165  23:07  Zergling x10, Hatchery  
  165  23:08  Overlord x3  
  169  23:14  Baneling x8  
  169  23:20  Spine Crawler  
  169  23:21  Zerg Flyer Weapons Level 2  
  167  23:35  Lurker  
  164  23:50  Zergling x52  
  191  23:55  Lurker x2  
  191  23:57  Lurker  
  191  24:02  Overseer  
  192  24:19  Baneling  
  192  24:20  Baneling x7  
  191  24:27  Zergling x20  
  198  24:34  Spore Crawler  
  198  24:37  Spore Crawler  
  188  24:39  Spore Crawler x2  
  188  24:40  Spore Crawler  
  162  24:47  Hydralisk x6  
  166  24:54  Zergling x30  
  178  25:05  Hydralisk x2  
  178  25:19  Hydralisk x4  
  155  25:23  Drone x8  
  125  25:51  Drone x2  
  126  25:59  Hydralisk x3  
  114  26:05  Hatchery  
  114  26:10  Zergling x8  
  109  26:22  Drone  
  109  26:23  Extractor, Drone x3  
  109  26:24  Extractor  
  105  26:43  Zergling x12  
  105  26:44  Zergling x2  
  103  27:12  Zergling x2  
  103  27:13  Zergling x12  
  108  27:38  Overlord  
  108  27:39  Overlord  
  108  27:46  Spawning Pool  
  108  27:48  Lair  
  95  28:17  Drone x5  
  95  28:18  Drone  
  101  28:32  Overlord  
Show
View Real Time Build Order
Export as new Build Order

Neeb Protoss - Winner!

Build Orders: 1 Gate Expand, Oracle Opening, Phoenix Opening, Archon Immortal, Carriers 

Get SALT Encoding   

  12  0:00  Probe  
  13  0:13  Probe  
  14  0:18  Pylon  
  14  0:24  Probe  
  15  0:32  Probe  
  15  0:41  Probe  
  15  0:42  Gateway  
  16  0:48  Assimilator  
  17  0:52  Probe  
  18  1:04  Probe  
  19  1:16  Probe  
  20  1:25  Nexus  
  20  1:36  Cybernetics Core  
  20  1:37  Probe  
  21  1:45  Assimilator  
  21  1:49  Probe  
  21  1:52  Pylon  
  22  1:57  Probe  
  22  2:02  Adept  
  22  2:06  Probe  
  26  2:16  Probe  
  27  2:26  Stargate  
  27  2:28  Probe  
  28  2:32  Adept  
  28  2:35  Probe  
  28  2:36  Warp Gate  
  30  2:40  Probe  
  30  2:43  Probe  
  32  2:51  Gateway  
  33  2:53  Probe x2  
  35  3:02  Phoenix, Pylon  
  35  3:05  Probe  
  36  3:07  Probe  
  39  3:17  Probe  
  39  3:19  Probe  
  41  3:23  Pylon  
  41  3:25  Oracle  
  41  3:29  Probe  
  41  3:31  Probe  
  46  3:37  Assimilator  
  46  3:39  Assimilator  
  47  3:41  Probe  
  47  3:43  Probe  
  47  3:44  Adept  
  47  3:45  Adept  
  52  3:53  Probe, Pylon  
  52  3:55  Probe  
  54  3:59  Oracle  
  57  4:05  Probe  
  57  4:07  Probe  
  59  4:10  Pylon  
  59  4:15  Pylon  
  59  4:16  Robotics Facility  
  59  4:18  Probe  
  59  4:20  Probe  
  61  4:25  Adept x2  
  61  4:30  Probe  
  66  4:34  Probe  
  67  4:44  Nexus  
  67  4:47  Adept  
  67  4:49  Adept  
  71  4:56  Probe  
  71  4:57  Pylon  
  71  4:59  Pylon  
  72  5:00  Probe  
  73  5:07  Forge  
  73  5:09  Probe, Twilight Council  
  73  5:12  Probe  
  75  5:21  Probe  
  75  5:24  Probe  
  75  5:25  Immortal  
  75  5:27  Sentry  
  75  5:28  Sentry  
  85  5:34  Probe  
  86  5:36  Probe  
  86  5:38  Protoss Ground Weapons Level 1  
  87  5:43  Shield Battery  
  87  5:46  Probe  
  87  5:49  Charge, Probe  
  89  5:52  Templar Archives  
  89  5:55  Immortal  
  89  5:56  Probe  
  90  5:58  Probe  
  90  5:59  Sentry, Zealot  
  90  6:01  Probe  
  90  6:03  Pylon  
  96  6:08  Probe  
  101  6:13  Probe  
  101  6:15  Probe  
  99  6:21  Probe  
  99  6:22  Assimilator  
  99  6:23  Assimilator  
  100  6:28  Gateway  
  100  6:29  Gateway  
  100  6:32  Gateway  
  100  6:34  Gateway x2  
  100  6:35  Gateway  
  100  6:37  Gateway  
  100  6:40  Gateway  
  100  6:53  Adept x2  
  102  7:04  Pylon  
  102  7:08  Probe, Warp Prism  
  97  7:14  Zealot  
  97  7:15  Zealot  
  101  7:20  Probe  
  97  7:23  Probe x2  
  97  7:26  Zealot x3  
  103  7:34  Pylon  
  103  7:35  Protoss Ground Weapons Level 2  
  103  7:38  High Templar x4, Pylon  
  103  7:39  High Templar x2, Pylon  
  103  7:41  Probe x2  
  103  7:42  Archon x2  
  117  7:44  Archon  
  117  7:50  Observer  
  117  7:52  Probe, Pylon x2  
  117  7:53  Probe x2  
  121  8:04  Probe  
  121  8:05  Zealot x4  
  130  8:08  Pylon  
  130  8:10  Photon Cannon  
  130  8:14  Photon Cannon  
  130  8:24  High Templar  
  130  8:25  High Templar, Zealot x6  
  146  8:29  Archon  
  146  8:32  Probe  
  146  8:33  Probe x2  
  137  8:41  Zealot x2  
  137  8:47  Zealot x6  
  133  8:50  Probe  
  133  8:54  Immortal  
  132  8:58  Sentry  
  132  8:59  Sentry  
  136  9:03  Probe, High Templar x2  
  136  9:04  Probe  
  136  9:07  Archon  
  142  9:10  High Templar x2, Zealot x2  
  142  9:14  Archon  
  150  9:18  Pylon  
  150  9:22  Zealot x4  
  131  9:29  Immortal  
  109  9:37  High Templar  
  115  9:38  High Templar  
  115  9:45  Zealot x3  
  119  9:47  Archon  
  119  9:48  Nexus  
  121  9:53  Sentry x2, Pylon  
  121  9:55  Sentry  
  127  10:05  Zealot x2  
  127  10:06  Zealot  
  127  10:07  Zealot x2  
  135  10:10  Immortal  
  135  10:13  Probe  
  135  10:14  Probe  
  143  10:15  Probe  
  144  10:27  Probe  
  145  10:35  Zealot x6  
  156  10:37  Psionic Storm, Zealot x2  
  159  10:46  High Templar  
  159  10:47  High Templar  
  165  10:57  Assimilator  
  165  11:00  Assimilator  
  165  11:02  Stalker x4  
  155  11:13  High Templar  
  155  11:14  High Templar x2  
  155  11:16  Immortal  
  155  11:19  Photon Cannon  
  155  11:21  Protoss Ground Weapons Level 3  
  155  11:22  Photon Cannon  
  155  11:24  Photon Cannon  
  155  11:27  Photon Cannon  
  155  11:30  Photon Cannon  
  159  11:45  High Templar, Zealot x3  
  159  11:46  Zealot  
  163  11:54  Stargate  
  163  12:02  Fleet Beacon  
  163  12:04  Stargate  
  161  12:17  Zealot  
  161  12:18  Zealot x7  
  169  12:34  Probe  
  169  12:35  Probe  
  161  12:37  Probe  
  161  12:39  Probe  
  161  12:41  High Templar x3  
  161  12:42  High Templar  
  168  12:46  Probe  
  168  12:47  Probe  
  168  12:49  Probe  
  145  12:51  Probe  
  145  12:55  Dark Shrine  
  144  12:58  Probe  
  144  12:59  Probe  
  144  13:01  Probe  
  144  13:03  Stalker  
  144  13:05  Probe  
  150  13:07  Photon Cannon  
  150  13:09  Nexus  
  150  13:10  Carrier  
  150  13:11  High Templar x2, Carrier  
  154  13:15  Archon  
  154  13:16  Carrier  
  154  13:32  Archon  
  154  13:33  Archon  
  172  13:34  Zealot x3  
  176  13:55  Photon Cannon, Shield Battery  
  172  14:03  Pylon  
  172  14:08  Protoss Air Weapons Level 1  
  172  14:09  Dark Templar, Pylon  
  174  14:10  Dark Templar x2  
  174  14:12  Dark Templar x2  
  174  14:15  Dark Templar  
  184  14:30  Oracle  
  183  14:38  High Templar x2, Shield Battery  
  187  14:40  Shield Battery  
  187  14:42  Archon  
  187  14:43  Photon Cannon  
  187  14:44  Photon Cannon  
  187  14:45  Carrier, Shield Battery  
  193  14:48  Probe x2  
  193  14:49  Probe x2  
  193  14:52  Probe  
  181  14:56  Probe x2  
  181  14:57  Probe x2  
  179  15:02  Unknown  
  179  15:04  Probe x3  
  179  15:06  Probe x2  
  182  15:16  Probe x3  
  182  15:18  Probe  
  182  15:19  Dark Templar  
  188  15:25  Carrier  
  188  15:32  Carrier  
  159  15:42  High Templar  
  159  15:43  High Templar x2  
  159  15:47  Zealot x4  
  159  15:48  Archon  
  164  15:59  Protoss Shields Level 1, High Templar  
  164  16:00  High Templar, Zealot  
  168  16:09  Protoss Air Weapons Level 2  
  166  16:16  High Templar, Zealot x2  
  166  16:17  Archon, Zealot x2  
  176  16:19  Observer  
  176  16:23  Photon Cannon  
  176  16:24  Shield Battery  
  175  16:31  Carrier  
  175  16:33  High Templar  
  175  16:34  High Templar  
  175  16:37  Pylon  
  179  16:46  Nexus  
  183  17:08  High Templar x4  
  179  17:09  Zealot x5  
  189  17:17  Carrier  
  189  17:18  Carrier  
  175  17:23  Carrier  
  175  17:28  Zealot  
  161  17:30  Zealot x5  
  161  17:33  Archon  
  161  17:34  Archon  
  173  17:48  High Templar  
  175  18:00  Assimilator  
  175  18:02  Photon Cannon  
  175  18:03  Assimilator  
  175  18:10  High Templar x2  
  175  18:12  High Templar  
  181  18:14  Zealot x6  
  193  18:26  Photon Cannon  
  193  18:28  Photon Cannon  
  193  18:30  Probe x3  
  193  18:31  Probe, Photon Cannon  
  193  18:32  Protoss Shields Level 2  
  193  18:33  Probe x2  
  180  18:35  High Templar  
  180  18:36  High Templar  
  180  18:38  Probe x3  
  187  18:58  Probe  
  187  18:59  Archon, Probe  
  187  19:00  Probe x2, Protoss Air Weapons Level 3  
  191  19:17  Void Ray x2  
  197  19:25  Pylon  
  197  19:29  Shield Battery  
  189  19:32  Shield Battery  
  189  19:35  Probe  
  189  19:36  Probe x2  
  175  19:58  High Templar x2  
  177  20:02  Archon  
  177  20:06  Mothership  
  165  20:30  Zealot  
  165  20:31  Stalker x6  
  147  20:43  Void Ray x3  
  147  20:48  Probe  
  147  20:49  Probe  
  153  20:52  Protoss Shields Level 3  
  153  20:58  Zealot x4  
  153  20:59  Zealot x2  
  153  21:04  Zealot x2  
  159  21:05  Pylon  
  159  21:10  Zealot x2  
  160  21:12  Probe  
  160  21:13  Probe  
  160  21:15  Probe  
  160  21:16  Observer  
  163  21:19  High Templar x2  
  163  21:20  High Templar x4  
  176  21:28  Photon Cannon  
  176  21:29  High Templar  
  176  21:30  High Templar  
  176  21:32  Archon x2  
  180  21:33  Photon Cannon  
  180  21:35  Carrier x2  
  192  21:47  Carrier  
  192  21:55  Photon Cannon x2  
  192  21:59  Pylon  
  198  22:08  Protoss Air Armor Level 1  
  191  22:43  Carrier x2  
  187  22:48  Shadow Stride  
  179  22:51  Carrier  
  189  23:02  Photon Cannon  
  189  23:03  Photon Cannon  
  189  23:04  Photon Cannon, Zealot x2  
  199  23:09  Pylon  
  199  23:32  Pylon  
  180  23:48  Tempest x2  
  190  23:52  Nexus  
  190  23:55  Tempest  
  190  23:57  Photon Cannon  
  190  23:59  Photon Cannon  
  190  24:00  Photon Cannon  
  190  24:01  Photon Cannon  
  190  24:02  Photon Cannon  
  195  24:03  Pylon  
  195  24:04  High Templar, Photon Cannon  
  197  24:15  Assimilator  
  197  24:19  Assimilator  
  197  24:28  Pylon  
  197  24:30  Photon Cannon  
  197  24:32  Photon Cannon  
  191  24:47  Pylon  
  191  24:49  High Templar x2  
  191  24:50  Dark Templar x2  
  199  24:54  Archon x2  
  198  25:11  Pylon  
  181  25:45  Zealot x7  
  181  25:46  Zealot x3  
  181  25:47  Carrier  
  174  25:59  Carrier  
  164  26:14  Probe  
  164  26:22  Zealot x5  
  164  26:24  Pylon  
  174  26:38  Nexus  
  170  26:50  Photon Cannon  
  170  26:52  Photon Cannon  
  170  27:17  Assimilator  
  170  27:21  Assimilator  
  170  27:27  Zealot x5  
  180  27:36  Zealot x2  
  184  27:43  Zealot  
  180  28:24  Photon Cannon  
  180  28:27  Shield Battery  
  180  28:30  Pylon  
  180  28:31  Probe  
  180  28:32  Nexus, Probe x2  
  180  28:33  Probe x2  
  185  28:34  Probe  
  185  28:37  Pylon  
Tags
 
Add a new tag
Caveats
  • Supply blocks, unpowered buildings, or Contaminate may cause inaccurate times.
  • Supply counts are checked every 10 seconds.